 Dungeon Crawl Stone Soup version 0.29.1-15-g9cfb28693d (webtiles) character file.

Game seed: 17404623280284090476

2 protoss039 the Digger (level 1, 0/13 HPs)
             Began as a Demonspawn Earth Elementalist on Feb 27, 2023.
             Slain by a kobold
             ... wielding a +0 short sword
              (2 damage)
             ... on level 1 of the Dungeon.
             The game lasted 00:00:13 (69 turns).

protoss039 the Digger (Demonspawn Earth Elementalist) Turns: 69, Time: 00:00:14

Health: 0/13       AC:  2    Str:  8    XL:     1   Next: 33%
Magic:  0/3        EV: 12    Int: 16    God:
Gold:   24         SH:  0    Dex: 13    Spells: 3/4 levels left

rFire   . . .      SeeInvis .   (no weapon)
rCold   . . .      Faith    .   (no shield)
rNeg    . . .      Spirit   .   a - +0 robe
rPois   .          Reflect  .   (no helmet)
rElec   .          Harm     .   (no cloak)
rCorr   .          Rampage  .   (no gloves)
Will    .....                   (no boots)
Stlth   ++........              (no amulet)
HPRegen 0.04/turn               (no ring)
MPRegen 0.08/turn               (no ring)

@: no status effects
A: no striking features
a: no special abilities


You were on level 1 of the Dungeon.
You visited 1 branch of the dungeon, and saw 1 of its levels.

You collected 24 gold pieces.

Inventory:

Armour
 a - a +0 robe (worn)
Scrolls
 c - a scroll of amnesia {unknown}
Potions
 b - a potion of magic


   Skills:
 + Level 0.2 Fighting
 - Level 1.7 Dodging
 - Level 1.7 Stealth
 + Level 2.0 Spellcasting
 - Level 0.8 Transmutations
 + Level 2.7 Earth Magic


You had 3 spell levels left.
You knew the following spells:

 Your Spells              Type           Power      Damage    Failure   Level
a - Sandblast             Erth           20%        2d7       7%          1

Your spell library contained the following spells:

 Spells                   Type           Power      Damage    Failure   Level
 Passwall                 Tmut/Erth      5%         N/A       16%         2
 Stone Arrow              Conj/Erth      12%        3d7       34%         3
 Petrify                  Tmut/Erth      7%         N/A       69%         4


Dungeon Overview and Level Annotations

Branches:
Dungeon (1/15) Zot: 5929

Altars:


Message History

You don't have enough magic to cast this spell.
Unknown command.
Unknown command.
Casting: Sandblast (safe; 7% risk of failure)
Confirm with . or Enter, or press ? or * to list all spells.
You don't have enough magic to cast this spell.
Unknown command.
A rat comes into view.
Found 3 gold pieces and a smoky dark potion.
Found 9 gold pieces.
The kobold attacks as you move away! The kobold barely misses you.
The rat bites you but does no damage. The rat bites you but does no damage.
The kobold attacks as you move away! The kobold closely misses you.
The kobold throws a stone.
The stone barely misses you. The rat bites you but does no damage.
The rat attacks as you move away! The rat bites you.
You see here a scroll labelled WIVOMA JAUGI.
c - a scroll labelled WIVOMA JAUGI The rat barely misses you.
Casting: Sandblast (safe; 7% risk of failure)
Confirm with . or Enter, or press ? or * to list all spells.
Aiming: Sandblast (safe; 7% risk of failure)
Press: ? - help, Shift-Dir - straight line, f - kobold
Aim: a kobold, wielding a +0 short sword and quivering stones (77% to hit)
The blast of sand misses the kobold.
The kobold hits you with a +0 short sword.
The rat barely misses you. The kobold hits you but does no damage.
The rat bites you but does no damage.
Unknown command.
You hit the kobold.
The kobold is moderately wounded.
The kobold hits you with a +0 short sword.
The rat bites you. The rat bites you.
* * * LOW HITPOINT WARNING * * *
The rat closely misses you. The kobold attacks as you move away!
The kobold hits you with a +0 short sword.
You die...

######### #######..$....#
#...........!.##
#$.............##
#................#
#................#......
####.............#......
####...Kr...........#...
#.......@........#.......
#....####................
#....####................
#................#.......
#........................
#................#.......
..........#####.......
..........##.......##.
#........[##..........


You could see a kobold and a rat.

Vanquished Creatures
  An endoplasm (D:1)
  2 ball pythons (D:1)
3 creatures vanquished.

Notes
Turn   | Place    | Note
-------+----------+-------------------------------------------
     0 | D:1      | protoss039 the Demonspawn Earth Elementalist began the
                  | quest for the Orb.
     0 | D:1      | Reached XP level 1. HP: 13/13 MP: 3/3
    69 | D:1      | Slain by a kobold

Illustrated notes

Levels and vault maps discovered:
D:1:      evilmike_arrival_fibonacci_small, layout_basic,
          dreamdust_princess_corridor

Action                   || total
-------------------------++-------
Melee: Unarmed           ||     1
 Cast: Sandblast         ||     4
Armor: Robe              ||     5
Dodge: Dodged            ||     7
